APP
TEXAS (APP) RANGERS @ PRINCETON RAYS
08/25/2044
 
TOP OF THE 1ST
Texas (APP) Rangers batting - Pitching for Princeton Rays : LHP Ryan Folks
Pitching: LHP Ryan Folks
Batting: RHB Jay De Angelis 0-0: Called Strike
0-1: Swinging Strike
0-2: Ball
1-2: Strikes out swinging
Batting: LHB Walter Vegter 0-0: Ball
1-0: Fly out, F7 (Line Drive, 7, EV 97.5 MPH)
Batting: RHB Robby Adair 0-0: Ball
1-0: Swinging Strike
1-1: Swinging Strike
1-2: Foul Ball, location: 2F
1-2: Foul Ball, location: 2F
1-2: Ball
2-2: Strikes out swinging
Top of the 1st over - 0 runs, 0 hits, 0 errors, 0 left on base; Texas (APP) 0 - Princeton 0
BOTTOM OF THE 1ST
Princeton Rays batting - Pitching for Texas (APP) Rangers : RHP Jaleel Martin
Pitching: RHP Jaleel Martin
Batting: SHB Chris Lockart 0-0: Ball
1-0: Called Strike
1-1: Ball
2-1: Foul Ball, location: 2F
2-2: Strikes out swinging
Batting: RHB Dan Marks 0-0: Ball
1-0: Fly out, F8 (Flyball, 8RD, EV 95.0 MPH)
Batting: LHB Rocky Crowley 0-0: Ball
1-0: Ball
2-0: Foul Ball, location: 2F
2-1: Called Strike
2-2: Strikes out swinging
Bottom of the 1st over - 0 runs, 0 hits, 0 errors, 0 left on base; Texas (APP) 0 - Princeton 0
TOP OF THE 2ND
Texas (APP) Rangers batting - Pitching for Princeton Rays : LHP Ryan Folks
Batting: RHB Ryan Pastore 0-0: Ball
1-0: Called Strike
1-1: Ball
2-1: Fly out, F4 (Line Drive, 4, EV 67.5 MPH)
Batting: RHB David Redman 0-0: Ball
1-0: Ball
2-0: Foul Ball, location: 2F
2-1: Ball
3-1: Base on Balls
Batting: RHB Matt Silva 0-0: Swinging Strike
0-1: Ball
1-1: Ball
2-1: Ball
3-1: Base on Balls
David Redman to second
Batting: RHB Rafael Tapia 0-0: Ball
1-0: Ball
2-0: Called Strike
2-1: Reached via error on a dropped throw from 2B, E6 (Groundball, 4, EV 87.5 MPH)
David Redman to third
Matt Silva to second
Batting: RHB Alex Lopez 0-0: Ball
1-0: Foul Ball, location: 2F
1-1: Foul Ball, location: 2F
1-2: Strikes out swinging
Batting: SHB Albert Ortiz 0-0: Ball
1-0: Ball
2-0: Fly out, F4 (Flyball, 34D, EV 96.3 MPH)
Top of the 2nd over - 0 runs, 0 hits, 1 error, 3 left on base; Texas (APP) 0 - Princeton 0
BOTTOM OF THE 2ND
Princeton Rays batting - Pitching for Texas (APP) Rangers : RHP Jaleel Martin
Batting: RHB Wil Urban 0-0: Ball
1-0: Called Strike
1-1: Ball
2-1: Swinging Strike
2-2: Strikes out swinging
Batting: SHB Lou Kroneman 0-0: Ball
1-0: Foul Ball, location: 2F
1-1: Swinging Strike
1-2: TRIPLE (Line Drive, 9LD, EV 101.3 MPH)
Batting: RHB James Huddleston 0-0: Called Strike
0-1: Foul Ball, location: 2F
0-2: Ball
1-2: Foul Ball, location: 2F
1-2: Foul Ball, location: 2F
1-2: Ball
2-2: SINGLE (Flyball, 5D, EV 92.5 MPH)
Lou Kroneman scores
Batting: RHB Chris Thorson 0-0: Ball
1-0: SINGLE (Line Drive, 5D, EV 106.3 MPH)
James Huddleston to second
Batting: SHB Wayne Hattan 0-0: Ball
1-0: Called Strike
James Huddleston steals 3rd base
Chris Thorson to second
1-1: Ground out 4-3 (Groundball, 4, EV 98.1 MPH)
James Huddleston scores
Chris Thorson to third
Batting: RHB Bazyli Andrysiak 0-0: Called Strike
0-1: Ball
1-1: Ball
Passed Ball!
Chris Thorson scores
2-1: Ball
3-1: Base on Balls
Batting: SHB Chris Lockart 0-0: Ball
1-0: Called Strike
1-1: Ball
2-1: Ball
3-1: Base on Balls
Bazyli Andrysiak to second
Batting: RHB Dan Marks 0-0: Ball
1-0: Called Strike
1-1: Called Strike
1-2: DOUBLE (Line Drive, 89XD, EV 98.8 MPH)
Bazyli Andrysiak scores
Chris Lockart to third
Batting: LHB Rocky Crowley 0-0: Foul Ball, location: 2F
0-1: Foul Ball, location: 2F
0-2: Strikes out looking
Bottom of the 2nd over - 4 runs, 4 hits, 0 errors, 2 left on base; Texas (APP) 0 - Princeton 4
TOP OF THE 3RD
Texas (APP) Rangers batting - Pitching for Princeton Rays : LHP Ryan Folks
Batting: RHB Jay De Angelis 0-0: Ball
1-0: Fly out, F3 (Line Drive, 3, EV 68.8 MPH)
Batting: LHB Walter Vegter 0-0: Ball
1-0: Swinging Strike
1-1: Ball
2-1: Fly out, F8 (Flyball, 78S, EV 90.6 MPH)
Batting: RHB Robby Adair 0-0: Called Strike
0-1: Ball
1-1: Called Strike
1-2: Ball
2-2: Foul Ball, location: 2F
2-2: Foul Ball, location: 2F
2-2: Ball
3-2: Base on Balls
Batting: RHB Ryan Pastore 0-0: Fly out, F7 (Line Drive, 7, EV 90.0 MPH)
Top of the 3rd over - 0 runs, 0 hits, 0 errors, 1 left on base; Texas (APP) 0 - Princeton 4
BOTTOM OF THE 3RD
Princeton Rays batting - Pitching for Texas (APP) Rangers : RHP Jaleel Martin
Batting: RHB Wil Urban 0-0: Foul Ball, location: 2F
0-1: Foul Ball, location: 2F
0-2: Ball
1-2: Ball
2-2: SOLO HOME RUN (Flyball, 7LD, EV 97.5 MPH), Distance : 349 ft
Batting: SHB Lou Kroneman 0-0: Ball
1-0: Ball
2-0: Fly out, F8 (Flyball, 8LM, EV 80.0 MPH)
Batting: RHB James Huddleston 0-0: Ball
1-0: Ball
2-0: Ground out 4-3 (Groundball, 4, EV 89.4 MPH)
Batting: RHB Chris Thorson 0-0: Called Strike
0-1: Called Strike
0-2: Strikes out swinging
Bottom of the 3rd over - 1 run, 1 hit, 0 errors, 0 left on base; Texas (APP) 0 - Princeton 5
TOP OF THE 4TH
Texas (APP) Rangers batting - Pitching for Princeton Rays : LHP Ryan Folks
Batting: RHB David Redman 0-0: Called Strike
0-1: Ball
1-1: Foul Ball, location: 2F
1-2: Foul Ball, location: 2F
1-2: Strikes out swinging
Batting: RHB Matt Silva 0-0: Foul Ball, location: 2F
0-1: Called Strike
0-2: Ball
1-2: SOLO HOME RUN (Line Drive, 7LD, EV 95.6 MPH), Distance : 354 ft
Batting: RHB Rafael Tapia 0-0: Fly out, F7 (Flyball, 78D, EV 90.0 MPH)
Batting: RHB Alex Lopez 0-0: Ball
1-0: SINGLE (Line Drive, 6D, EV 96.9 MPH)
Batting: SHB Albert Ortiz 0-0: Called Strike
0-1: Ball
1-1: Ball
Alex Lopez steals 2nd base
2-1: 2-RUN HOME RUN (Flyball, 7D, EV 99.4 MPH), Distance : 365 ft
Batting: RHB Jay De Angelis 0-0: Foul Ball, location: 2F
0-1: Called Strike
0-2: Ball
1-2: Fly out, F8 (Flyball, 89D, EV 88.1 MPH)
Top of the 4th over - 3 runs, 3 hits, 0 errors, 0 left on base; Texas (APP) 3 - Princeton 5
BOTTOM OF THE 4TH
Princeton Rays batting - Pitching for Texas (APP) Rangers : RHP Jaleel Martin
Batting: SHB Wayne Hattan 0-0: Foul Ball, location: 2F
0-1: Ball
1-1: Ground out 2-3 (Groundball, 2R, EV 65.6 MPH)
Batting: RHB Bazyli Andrysiak 0-0: Ground out 5-3 (Groundball, 56, EV 83.8 MPH)
Batting: SHB Chris Lockart 0-0: Ball
1-0: Called Strike
1-1: Ball
2-1: Ground out 4-3 (Groundball, 34, EV 91.3 MPH)
Bottom of the 4th over - 0 runs, 0 hits, 0 errors, 0 left on base; Texas (APP) 3 - Princeton 5
TOP OF THE 5TH
Texas (APP) Rangers batting - Pitching for Princeton Rays : LHP Ryan Folks
Batting: LHB Walter Vegter 0-0: Ball
1-0: Called Strike
1-1: Foul Ball, location: 2F
1-2: Foul Ball, location: 2F
1-2: Ball
2-2: Ground out 5-3 (Groundball, 6S, EV 86.3 MPH)
Pitching: RHP John Morgan
Batting: RHB Robby Adair 0-0: Called Strike
0-1: Ball
1-1: Ball
2-1: Ball
3-1: Foul Ball, location: 2F
3-2: Base on Balls
Batting: RHB Ryan Pastore 0-0: Ball
Robby Adair is caught stealing 2nd base 2-4
1-0: SINGLE (Groundball, 56D, EV 105.6 MPH)
Batting: RHB David Redman 0-0: Swinging Strike
0-1: Foul Ball, location: 2F
0-2: Strikes out swinging
Top of the 5th over - 0 runs, 1 hit, 0 errors, 1 left on base; Texas (APP) 3 - Princeton 5
BOTTOM OF THE 5TH
Princeton Rays batting - Pitching for Texas (APP) Rangers : RHP Jaleel Martin
Batting: RHB Dan Marks 0-0: Foul Ball, location: 2F
0-1: Ball
1-1: Ball
2-1: Foul Ball, location: 2F
2-2: Strikes out looking
Batting: LHB Rocky Crowley 0-0: Ball
1-0: Ball
2-0: Called Strike
2-1: Foul Ball, location: 2F
2-2: Foul Ball, location: 2F
2-2: Ball
3-2: Foul Ball, location: 2F
3-2: Strikes out swinging
Batting: RHB Wil Urban 0-0: Called Strike
0-1: Ball
1-1: Ball
2-1: Called Strike
2-2: Ball
3-2: Foul Ball, location: 2F
3-2: Strikes out swinging
Bottom of the 5th over - 0 runs, 0 hits, 0 errors, 0 left on base; Texas (APP) 3 - Princeton 5
TOP OF THE 6TH
Texas (APP) Rangers batting - Pitching for Princeton Rays : RHP John Morgan
Batting: RHB Matt Silva 0-0: Called Strike
0-1: Foul Ball, location: 2F
0-2: Ball
1-2: Ball
2-2: Foul Ball, location: 2F
2-2: Foul Ball, location: 2F
2-2: Fly out, F7 (Flyball, 7, EV 93.8 MPH)
Pinch Hitting: LHB Justin Wheelock 0-0: Swinging Strike
0-1: Ground out 6-3 (Groundball, 4MD, EV 102.5 MPH)
Batting: RHB Alex Lopez 0-0: Foul Ball, location: 2F
0-1: Fly out, F8 (Flyball, 78D, EV 82.5 MPH)
Top of the 6th over - 0 runs, 0 hits, 0 errors, 0 left on base; Texas (APP) 3 - Princeton 5
BOTTOM OF THE 6TH
Princeton Rays batting - Pitching for Texas (APP) Rangers : RHP Jaleel Martin
Pitching: RHP Logan Dietz
Now at 2B: Jeremy Palac
Now at SS: Alex Lopez
Batting: SHB Lou Kroneman 0-0: Ball
1-0: Fly out, F8 (Flyball, 8LD, EV 96.3 MPH)
Batting: RHB James Huddleston 0-0: Ground out 6-3 (Groundball, 6, EV 104.4 MPH)
Batting: RHB Chris Thorson 0-0: Foul Ball, location: 2F
0-1: Foul Ball, location: 2F
0-2: Strikes out looking
Bottom of the 6th over - 0 runs, 0 hits, 0 errors, 0 left on base; Texas (APP) 3 - Princeton 5
TOP OF THE 7TH
Texas (APP) Rangers batting - Pitching for Princeton Rays : RHP John Morgan
Pitching: RHP Tim Inman
Batting: SHB Albert Ortiz 0-0: Called Strike
0-1: Ground out 6-3 (Groundball, 6, EV 84.4 MPH)
Batting: RHB Jay De Angelis 0-0: Ball
1-0: Ball
2-0: Foul Ball, location: 2F
2-1: Ball
3-1: Base on Balls
Batting: LHB Walter Vegter 0-0: Ball
Jay De Angelis steals 2nd base
1-0: Called Strike
1-1: Called Strike
1-2: Ball
2-2: Ball
3-2: Foul Ball, location: 2F
3-2: Strikes out looking
Batting: RHB Robby Adair 0-0: Foul Ball, location: 2F
0-1: Ground out 5-3 (Groundball, 56, EV 101.3 MPH)
Top of the 7th over - 0 runs, 0 hits, 0 errors, 1 left on base; Texas (APP) 3 - Princeton 5
BOTTOM OF THE 7TH
Princeton Rays batting - Pitching for Texas (APP) Rangers : RHP Logan Dietz
Batting: SHB Wayne Hattan 0-0: Called Strike
0-1: Swinging Strike
0-2: Ball
1-2: Foul Ball, location: 2F
1-2: Fly out, F6 (Popup, P, EV 80.0 MPH)
Batting: RHB Bazyli Andrysiak 0-0: Foul Ball, location: 2F
0-1: Ball
1-1: Ball
2-1: Foul Ball, location: 2F
2-2: Foul Ball, location: 2F
2-2: Strikes out swinging
Batting: SHB Chris Lockart 0-0: Ball
1-0: Swinging Strike
1-1: Foul Ball, location: 2F
1-2: Strikes out swinging
Bottom of the 7th over - 0 runs, 0 hits, 0 errors, 0 left on base; Texas (APP) 3 - Princeton 5
TOP OF THE 8TH
Texas (APP) Rangers batting - Pitching for Princeton Rays : RHP Tim Inman
Now at C: James Huddleston
Now at 3B: Lou Kroneman
Now at SS: Jim Erdody
Batting: RHB Ryan Pastore 0-0: Ball
1-0: Ball
2-0: Ball
3-0: Called Strike
3-1: Called Strike
3-2: Strikes out looking
Batting: LHB Tomoya Hashimoto 0-0: Called Strike
0-1: Foul Ball, location: 2F
0-2: Ball
1-2: Ball
2-2: SINGLE (Groundball, 4MD, EV 97.5 MPH)
Batting: RHB Matt Silva 0-0: Ball
1-0: DOUBLE (Flyball, 89XD, EV 114.4 MPH)
Tomoya Hashimoto to third
Pinch Hitting: LHB Steven Frederick 0-0: Ball
1-0: Called Strike
1-1: Ball
2-1: Ground out 4-3 (Groundball, 4, EV 81.3 MPH)
Tomoya Hashimoto scores
Matt Silva to third
Batting: RHB Alex Lopez 0-0: Foul Ball, location: 2F
0-1: Ground out 6-3 (Groundball, 6, EV 81.9 MPH)
Top of the 8th over - 1 run, 2 hits, 0 errors, 1 left on base; Texas (APP) 4 - Princeton 5
BOTTOM OF THE 8TH
Princeton Rays batting - Pitching for Texas (APP) Rangers : RHP Logan Dietz
Now at 2B: Alex Lopez
Now at SS: Mark Paquin
Batting: RHB Dan Marks 0-0: Called Strike
0-1: Ground out U3 (Groundball, 34S, EV 88.1 MPH)
Batting: LHB Rocky Crowley 0-0: Ball
1-0: Ball
2-0: Ball
3-0: Called Strike
3-1: Base on Balls
Batting: RHB Wil Urban 0-0: Called Strike
0-1: Ball
1-1: Foul Ball, location: 2F
1-2: Ball
2-2: Fly out, F8 (Flyball, 78D, EV 85.0 MPH)
Batting: SHB Lou Kroneman 0-0: Ball
1-0: Ball
2-0: Ball
3-0: Called Strike
3-1: Base on Balls
Rocky Crowley to second
Batting: RHB James Huddleston 0-0: Called Strike
0-1: Ball
1-1: Fly out, F7 (Flyball, 7LS, EV 90.0 MPH)
Bottom of the 8th over - 0 runs, 0 hits, 0 errors, 2 left on base; Texas (APP) 4 - Princeton 5
TOP OF THE 9TH
Texas (APP) Rangers batting - Pitching for Princeton Rays : RHP Tim Inman
Pitching: RHP Cody Wilharm
Now in CF: Berthold Frey
Batting: SHB Albert Ortiz 0-0: Ball
1-0: Called Strike
1-1: Called Strike
1-2: Foul Ball, location: 2F
1-2: Ball
2-2: Foul Ball, location: 2F
2-2: Foul Ball, location: 2F
2-2: Strikes out looking
Batting: RHB Jay De Angelis 0-0: Ball
1-0: Ball
2-0: Foul Ball, location: 2F
2-1: Ball
3-1: Foul Ball, location: 2F
3-2: Foul Ball, location: 2F
3-2: Ground out 6-3 (Groundball, 6MD, EV 105.6 MPH)
Batting: LHB Walter Vegter 0-0: Ball
1-0: Called Strike
1-1: Ball
2-1: Ball
3-1: Fly out, F8 (Line Drive, 8LD, EV 91.9 MPH)
Top of the 9th over - 0 runs, 0 hits, 0 errors, 0 left on base; Texas (APP) 4 - Princeton 5
Thursday, March 31st , 2022 - OOTP Baseball 22.12 Build 89